 Dungeon Crawl Stone Soup version 0.18-a0-1027-g814d7dd (webtiles) character file.

30 glosham the Caller (level 2, 0/25 HPs)
             Began as a Demigod Summoner on Jan 9, 2016.
             Slain by Sigmund
             ... wielding a +0 scythe
              (5 damage)
             ... on level 2 of the Dungeon.
             The game lasted 00:18:14 (2062 turns).

glosham the Caller (Demigod Summoner)               Turns: 2062, Time: 00:18:15

Health: 0/25       AC:  3    Str: 16    XL:     2   Next: 84%
Magic:  7/7        EV: 12    Int: 19    God:
Gold:   46         SH:  0    Dex: 16    Spells: 1 memorised, 2 levels left

rFire  . . .     SeeInvis .     e - +0 mace
rCold  . . .     Gourm    .     X - +1 robe
rNeg   . . .     Faith    .     (no shield)
rPois  .         Spirit   .     (no helmet)
rElec  .         Dismiss  .     (no cloak)
rCorr  .         Reflect  .     (no gloves)
SustAt +         Harm     .     (no boots)
MR     .....                    (no amulet)
Stlth  +.........               (no ring)
                                (no ring)

@: confused, mighty, not resistant to hostile enchantments, very unstealthy
A: high mp 1, sustain attributes
a: no special abilities


You were on level 2 of the Dungeon.
You were not hungry.

You visited 1 branch of the dungeon, and saw 2 of its levels.

You collected 46 gold pieces.

Inventory:

Hand Weapons
 a - a +0 short sword
 b - a +0 dagger
 e - a +0 mace (weapon)
Missiles
 d - 29 stones (quivered)
 i - 45 arrows
 m - 2 curare-tipped needles
Armour
 X - a +1 robe (worn)
Scrolls
 k - a scroll of remove curse
Books
 g - a book of Callings

   Spells                             Type                      Level
   a - Summon Small Mammal            Summoning                    1
   b - Call Imp                       Summoning                    2
   c - Call Canine Familiar           Summoning                    3
   d - Summon Guardian Golem          Hexes/Summoning              3
   e - Summon Lightning Spire         Summoning/Air                4
   f - Summon Ice Beast               Ice/Summoning                4
Comestibles
 c - a bread ration
 f - 2 chunks of flesh
 h - 5 fruits
 n - a royal jelly
 r - 3 meat rations
 s - 2 beef jerkies


   Skills:
 * Level 2.4 Fighting
 - Level 1.7 Dodging
 - Level 1.7 Stealth
 - Level 1.7 Spellcasting
 - Level 3.6 Summonings


You had 2 spell levels left.
You knew the following spells:

 Your Spells              Type           Power        Failure   Level  Hunger
i - Call Imp              Summ           ###.....     8%          2    ###....


Dungeon Overview and Level Annotations

Branches:
Dungeon (2/15)

Annotations:
D:2 Sigmund


Innate Abilities, Weirdness & Mutations

You have an increased reservoir of magic (+10% MP).
Your attributes are resistant to harm.


Message History

You are confused.
You feel invigorated.
Drink which item? (? for menu, Esc to quit)
Okay, then.
You're too confused to move!
You bump into the rock wall.
You bump into the rock wall.
Sigmund gestures at you while chanting. You resist with significant effort.
You bump into the rock wall.
Sigmund gestures at you while chanting. The magic dart hits you!
You bump into the rock wall.
Sigmund misses you.
You feel less invigorated.
You feel less confused.
Drink which item? (? for menu, Esc to quit)
You feel very mighty all of a sudden.
Wield which item (- for none, * to show all)? (? for menu, Esc to quit)
e - a +0 mace (weapon)
Sigmund barely misses you.
You sock Sigmund!
Sigmund is heavily wounded.
Sigmund barely misses you.
You barely miss Sigmund.
Sigmund is heavily wounded.
You closely miss Sigmund.
Sigmund is heavily wounded.
Sigmund hits you with a scythe!
You barely miss Sigmund.
Sigmund is heavily wounded.
Sigmund casts a spell at you.
You are confused.
Sigmund says, "You will soon forget everything."
Sigmund casts a spell.
Sigmund flickers and vanishes!
Deactivating autopickup; reactivate with Ctrl-A.
You completely miss something. Something hits you!
* * * LOW HITPOINT WARNING * * *
You closely miss something. Something hits you.
You die...

....###..............#
...## ##.##..#.#######
#..# #....#.## #..##
##.####.# #.#.###.##
#.# #.##...## #.#
#.###.## #.# #^# #.#
#.##### #.# #.#
#...@.# # #.#
#.###########{##.# #.#
#.....@..........# #.#
#############.#### #.#
#.# #.# #.#
#.###############.#
#.................#
################..#


There were no monsters in sight!

Vanquished Creatures
  A giant gecko (D:1)
  A giant cockroach (D:1)
  4 goblins (D:1)
  3 hobgoblins (D:2)
  7 bats
  A giant newt (D:1)
  7 kobolds
  3 rats
27 creatures vanquished.

Vanquished Creatures (collateral kills)
  A kobold (D:1)
1 creature vanquished.

Grand Total: 28 creatures vanquished

Notes
Turn   | Place    | Note
--------------------------------------------------------------
     0 | D:1      | glosham the Demigod Summoner began the quest for the Orb.
     0 | D:1      | Reached XP level 1. HP: 14/14 MP: 5/5
   292 | D:1      | Reached skill level 1 in Fighting
   583 | D:1      | Reached XP level 2. HP: 23/23 MP: 7/7
   587 | D:1      | Learned a level 2 spell: Call Imp
   946 | D:1      | Reached skill level 2 in Fighting
  2039 | D:2      | Noticed Sigmund
  2062 | D:2      | Slain by Sigmund

Vault maps used:
D:1:      dpeg_arrival_arbitrary_c
D:2:      uniq_sigmund

Action                   || total
-------------------------++-------
Melee: Short sword       ||   114
       Dagger            ||     2
       Unarmed           ||     1
       Mace              ||     6
 Cast: Summon Small Mamm ||     1
  Use: Scroll            ||     8
       Potion            ||     3
 Stab: Sleeping          ||     6
  Eat: Chunk             ||     4

Table legend:
 A = Turns spent in this place as a percentage of turns spent in the entire game.
 B = Non-inter-level travel turns spent in this place as a percentage of non-inter-level travel turns spent in the entire game.
 C = Inter-level travel turns spent in this place as a percentage of turns spent in this place.
 D = Turns resting spent in this place as a percentage of non-inter-level travel turns spent in this place.
 E = Turns spent auto-exploring this place as a percentage of non-inter-level travel turns spent in this place.
 F = Non-inter-level travel turns spent in this place divided by the number of levels of this place that you've seen.
                   A       B       C       D       E      F
               +-------+-------+-------+-------+-------+----------------------
         Total | 100.0 | 100.0 |   0.6 |   2.8 |   0.4 | 464.5
       Dungeon | 100.0 | 100.0 |   0.6 |   2.8 |   0.4 | 464.5
               +-------+-------+-------+-------+-------+----------------------

Table legend:
 A = Kills in this place as a percentage of kills in entire the game.
 B = Kills by you in this place as a percentage of kills by you in the entire game.
 C = Kills by friends in this place as a percentage of kills by friends in the entire game.
 D = Other kills in this place as a percentage of other kills in the entire game.
 E = Experience gained in this place as a percentage of experience gained in the entire game.
 F = Experience gained in this place divided by the number of levels of this place that you have seen.
                   A       B       C       D       E      F
               +-------+-------+-------+-------+-------+----------------------
         Total | 100.0 | 100.0 | 100.0 |  -nan | 100.0 |  21.5
       Dungeon | 100.0 | 100.0 | 100.0 |  -nan | 100.0 |  21.5
               +-------+-------+-------+-------+-------+----------------------

Vault maps used:
D:1:      dpeg_arrival_arbitrary_c
D:2:      uniq_sigmund
